AoeStats
← jesus082879

Golden Pit

510014904Analyzed
1v1 RM · 3d ago on Sep 29, 2026· 76m 7s· 2 players
Game mode
Random Map
Map size
Tiny (2 player)
Population
200
Speed
Normal
Resources
Standard
Victory
Conquest
Starting age
Dark Age
Ending age
Imperial Age
RankedLock teamsTeams togetherTeam positionsShared explorationLock speedFull tech treeHidden civsTurbo modeCheats
Victory
Defeat
🇲🇽 Saracens · Mexico
622
+16
🇺🇸 Teutons · United States
621
-16
The Crusher
10:41 Feudal Age
14:40 Loom
17:55 Castle Age
16:26 Double-Bit Axe
16:36 Stone Mining
21:18 Horse Collar
21:32 Gold Mining
25:19 Wheelbarrow
24:30 Town Watch
27:58 Heavy Plow
28:04 Scale Mail Armor
29:31 Hand Cart
29:46 Town Patrol
30:23 Bow Saw
30:51 Stone Shaft Mining
35:20 Imperial Age
33:21 Masonry
33:32 Ballistics
33:03 Guard Tower
33:30 Chain Mail Armor
33:26 Forging
34:52 Scale Barding Armor
36:52 Crop Rotation
37:26 Two-Man Saw
37:00 Plate Mail Armor
37:06 Iron Casting
36:52 Chain Barding Armor
36:39 Siege Engineers
36:20 Arrowslits
37:37 Chemistry
39:16 Hoardings
38:11 Pikeman
38:51 Squires
39:57 Blast Furnace
38:48 Gambesons
38:24 Man-at-Arms
38:49 Arson
39:06 Padded Archer Armor
38:56 Fletching
40:22 Guilds
41:54 Bombard Tower
42:12 Plate Barding Armor
41:15 Halberdier
41:21 Long Swordsman
45:05 Bloodlines
44:50 Two-Handed Swordsman
45:31 Cavalier
51:37 Leather Archer Armor
53:59 Conscription
53:37 Bodkin Arrow
66:18 Paladin
jesus082879
12:42 Feudal Age
13:15 Double-Bit Axe
14:07 Wheelbarrow
13:15 Horse Collar
15:31 Man-at-Arms
16:14 Loom
16:32 Fletching
20:40 Castle Age
18:57 Forging
18:54 Gold Mining
19:52 Scale Barding Armor
21:30 Bow Saw
22:01 Husbandry
24:37 Bloodlines
26:02 Hand Cart
25:35 Town Watch
27:00 Stone Mining
28:29 Heavy Plow
28:49 Light Cavalry
30:25 Bodkin Arrow
31:14 Iron Casting
32:03 Gold Shaft Mining
32:50 Chain Barding Armor
33:03 Bimaristan
37:05 Imperial Age
34:41 Town Patrol
37:26 Scale Mail Armor
42:52 Bracer
43:53 Blast Furnace
45:31 Murder Holes
45:27 Guard Tower
45:22 Arrowslits
45:58 Ballistics
46:17 Plate Barding Armor
45:58 Chain Mail Armor
45:43 Padded Archer Armor
45:06 Pikeman
48:18 Hussar
53:06 Elite Mameluke
54:24 Hoardings
54:10 Conscription
55:21 Counterweights
58:50 Capped Ram
Connection lost

Rejoining the realm…

Still unreachable

The connection could not be restored.

Session expired

The server has moved on; the page needs a fresh start.